 Dungeon Sprint DCSS version 0.28-a0-1395-g4f6bc678fa (webtiles) character file.

Game seed: 16545091263197320229

8800000 12572944 the Intangible (level 27, -75/188 (228) HPs)
             Began as a Djinni Transmuter on Jan 4, 2022.
             Was the Champion of Makhleb.
             Killed from afar by a wretched soul (130 damage)
             ... with a bolt of negative energy
             ... in the Dungeon (Sprint VIII: "Arena of Blood").
             The game lasted 00:04:15 (88 turns).

12572944 the Intangible (Djinni Transmuter)           Turns: 88, Time: 00:04:16

HP:   -75/188 (228) AC:  4    Str: 19    XL:     27
Gold: 0             EV: 28    Int: 17    God:    Makhleb [******] SH:  0 Dex: 16

rFire   + + .      SeeInvis .   g - +∞ Axe of Woe
rCold   x . .      Faith    .   (shield currently unavailable)
rNeg    . . .      Spirit   .   a - +0 robe
rPois   ∞          Reflect  .   (no helmet)
rElec   .          Harm     .   (no cloak)
rCorr   .          Rampage  .   (no gloves)
Will    ++...      NoTele   +   (boots unavailable)
Stlth   ++++++++++              (no amulet)
HPRegen 0.41/turn               (no ring)
MPRegen 0.00/turn               (no ring)

@: flying, slowed, heavily drained, very slow
A: sickness immunity, fire resistance 2, cold vulnerability 1, float, innate
caster, hp casting, extra vitality 1
a: Renounce Religion, Minor Destruction, Lesser Servant of Makhleb, Major
Destruction, Greater Servant of Makhleb


You were in the Dungeon.
You worshipped Makhleb.
Makhleb was exalted by your worship.
You visited 1 branch

Inventory:

Hand Weapons
 g - the +∞ Axe of Woe (weapon)
   (You found it in the Dungeon)
Armour
 a - a +0 robe (worn)
Scrolls
 f - a scroll of blinking
Potions
 b - a potion of curing {@q1}
 c - a potion of heal wounds {@q2}
 d - a potion of haste {@q3}
 e - a potion of berserk rage


   Skills:
 O Level 27 Fighting
 O Level 27 Short Blades
 O Level 27 Long Blades
 O Level 27 Axes
 O Level 27 Maces & Flails
 O Level 27 Polearms
 O Level 27 Staves
 O Level 27 Slings
 O Level 27 Bows
 O Level 27 Crossbows
 O Level 27 Throwing
 O Level 27 Armour
 O Level 27 Dodging
 O Level 27 Stealth
 O Level 27 Shields
 O Level 27 Unarmed Combat
 O Level 27 Spellcasting
 O Level 27 Invocations
 O Level 27 Evocations


You couldn't memorise any spells.
You knew the following spells:

 Your Spells              Type           Power      Damage    Failure   Level
a - Beastly Appendage     Tmut           100%       N/A       0%          1
b - Wereblood             Tmut           86%        N/A       0%          2
c - Spider Form           Tmut/Pois      86%        N/A       0%          3
d - Ice Form              Ice/Tmut       86%        N/A       0%          4
e - Animate Skeleton      Necr           100%       N/A       0%          1
f - Ensorcelled Hibernat  Hex/Ice        100%       N/A       0%          2
g - Dazzling Flash        Conj/Hex       100%       N/A       0%          3
h - Ignite Poison         Fire/Tmut/Pois 86%        N/A       0%          3
i - Passage of Golubria   Tloc           86%        N/A       0%          4
j - Silence               Hex/Air        43%        N/A       0%          5
k - Eringya's Noxious Bo  Tmut/Pois      43%        N/A       0%          6
l - Conjure Ball Lightni  Conj/Air       43%        3x3d15    0%          6
m - Enfeeble              Hex            43%        N/A       1%          7
n - Infestation           Necr           43%        N/A       1%          8
o - Borgnjor's Revivific  Necr           43%        N/A       1%          8
p - Disjunction           Tloc           43%        N/A       1%          8
q - Chain Lightning       Conj/Air       43%        3d57      2%          9
Your spell library was empty.

Dungeon Overview and Level Annotations

Branches:
Dungeon (1/1)

Altars:
Makhleb


Innate Abilities, Weirdness & Mutations

You are immune to sickness and miasma.
You are immune to poison.
Your flesh is very heat resistant. (rF++)
You are vulnerable to cold. (rC-)
You float through the air rather than walking.
You learn spells naturally, not from books.
Your magical power is your life essence.
You have superior vitality. (+4 MHP)


Message History

The destroyer gestures at you while chanting.
The destroyer blinks!
The bag of meat is engulfed in blazing flames.
You hear a shout! x3
A bag of meat comes into view. It is wielding a +9 war axe. x2
The bag of meat shouts!
You hit the bag of meat.
You dissect the bag of meat like a pig carcass.
You kill the bag of meat!
Makhleb accepts your kill.
You slash the bag of meat!
You fatally mangle the bag of meat.
You kill the bag of meat!
Makhleb accepts your kill.
You feel better.
You are engulfed in blazing flames.
You resist.
You hear a roar!
You hear a shout! x2
The destroyer points at you and mumbles some strange words.
The destroyer blinks!
You hear a shout!
The eight-headed meat hydra calls on the powers of darkness!
The eight-headed meat hydra convulses!
The bag of meat convulses! x2
The meat berserker convulses!
The bag of meat convulses!
Your body is wracked with pain!
You hear a shout! x2
An eight-headed meat hydra comes into view.
A meat berserker comes into view. It is wielding a +9 battleaxe.
You hear a shout! x4
The destroyer points at you and mumbles some strange words.
The destroyer blinks!
The accursed gestures at you while chanting.
Something smites you!
You hear a shout! x4
The dread throws damnation at you.
The sphere of damnation explodes!
The damnation engulfs you!!
* * * LOW HITPOINT WARNING * * *
A bolt of negative energy appears from out of thin air!
Deactivating autopickup; reactivate with Ctrl-A.
The bolt of negative energy hits you!!!!
You feel drained.
Ouch! That really hurt!
You die...

...#....)))#....
o.......).......
.O....).)...D..#
§..M..))).....#..
..o...D))...##...
..#§{○§)oW.#.....
....o☼){)..#...##
.##.#§§§).......
...§..)@........
#....#.....####.
..........V..#
...............
.......=.......
###############


You could see an accursed, 2 eight-headed meat hydras, a destroyer, a dread, a
meat berserker (berserk) and 4 bags of meat.

Vanquished Creatures
  4 hell beasts (D)
  4 royal mummies (D)
  4 wraiths (D)
  11 vampire knights (D)
  36 ogres (D)
  5 two-headed ogres (D)
  3 liches (D)
  57 orcs (D)
  2 phantoms (D)
  5 skeletal warriors (D)
131 creatures vanquished.

Notes
Turn   | Place    | Note
-------+----------+-------------------------------------------
     0 | D        | Found the +∞ Axe of Woe
     0 | D        | 12572944 the Djinni Transmuter began the quest for the Orb.
     0 | D        | Reached XP level 1. HP: 17/17 MP: 0/0
     1 | D        | Noticed a meat berserker
     2 | D        | Noticed a bag of meat
     3 | D        | Killed a meat berserker
     3 | D        | Noticed a bag of meat
     4 | D        | Reached skill level 15 in Fighting
     4 | D        | Reached XP level 2. HP: 43/43 MP: 0/0
     4 | D        | Reached XP level 3. HP: 49/49 MP: 0/0
     4 | D        | Learned a level 1 spell: Animate Skeleton
     4 | D        | Reached XP level 4. HP: 55/55 MP: 0/0
     4 | D        | Reached XP level 5. HP: 60/60 MP: 0/0
     4 | D        | Learned a level 2 spell: Ensorcelled Hibernation
     4 | D        | Reached XP level 6. HP: 67/67 MP: 0/0
     4 | D        | Reached XP level 7. HP: 72/72 MP: 0/0
     4 | D        | Learned a level 3 spell: Dazzling Flash
     4 | D        | Reached XP level 8. HP: 78/78 MP: 0/0
     4 | D        | Reached XP level 9. HP: 84/84 MP: 0/0
     4 | D        | Learned a level 3 spell: Ignite Poison
     4 | D        | Reached XP level 10. HP: 90/90 MP: 0/0
     4 | D        | Reached XP level 11. HP: 95/95 MP: 0/0
     4 | D        | Learned a level 4 spell: Passage of Golubria
     4 | D        | Reached XP level 12. HP: 103/103 MP: 0/0
     4 | D        | Noticed a meat berserker
     4 | D        | Became a worshipper of Makhleb the Destroyer
     6 | D        | Killed a bag of meat
     7 | D        | Reached XP level 13. HP: 111/111 MP: 0/0
     7 | D        | Learned a level 5 spell: Silence
     7 | D        | Killed a meat berserker
     7 | D        | Reached * piety under Makhleb
     8 | D        | Reached skill level 15 in Axes
     8 | D        | Reached XP level 14. HP: 121/121 MP: 0/0
     8 | D        | Killed a bag of meat
     9 | D        | Reached skill level 15 in Spellcasting
     9 | D        | Noticed a meat berserker
     9 | D        | Noticed a bag of meat
     9 | D        | Noticed a bag of meat
     9 | D        | Noticed a bag of meat
     9 | D        | Noticed a bag of meat
    10 | D        | Noticed a meat berserker
    10 | D        | Noticed a meat berserker
    10 | D        | Noticed a meat berserker
    10 | D        | Noticed a bag of meat
    11 | D        | Noticed a bag of meat
    12 | D        | Killed a bag of meat
    12 | D        | Noticed a bag of meat
    12 | D        | Noticed a bag of meat
    12 | D        | Noticed a bag of meat
    12 | D        | Noticed a meat berserker
    13 | D        | Noticed a bag of meat
    13 | D        | Noticed a meat berserker
    13 | D        | Noticed a bag of meat
    14 | D        | Killed a meat berserker
    14 | D        | Reached ** piety under Makhleb
    14 | D        | Killed a meat berserker
    14 | D        | Killed a meat berserker
    14 | D        | Killed a meat berserker
    14 | D        | Reached *** piety under Makhleb
    14 | D        | Killed a bag of meat
    14 | D        | Noticed a bag of meat
    14 | D        | Noticed a meat berserker
    14 | D        | Noticed a meat berserker
    14 | D        | Noticed a bag of meat
    15 | D        | Reached XP level 15. HP: 127/141 MP: 0/0
    15 | D        | Learned a level 6 spell: Eringya's Noxious Bog
    15 | D        | Reached XP level 16. HP: 134/148 MP: 0/0
    15 | D        | Reached XP level 17. HP: 139/154 MP: 0/0
    15 | D        | Learned a level 6 spell: Conjure Ball Lightning
    15 | D        | Reached **** piety under Makhleb
    15 | D        | Noticed a large bag of meat
    16 | D        | Reached skill level 27 in Dodging
    19 | D        | Killed a meat berserker
    19 | D        | Reached ***** piety under Makhleb
    19 | D        | Killed a meat berserker
    19 | D        | Noticed a destroyer
    20 | D        | Reached skill level 27 in Fighting
    20 | D        | Reached XP level 18. HP: 135/167 MP: 0/0
    20 | D        | Noticed a large bag of meat
    20 | D        | Killed a meat berserker
    21 | D        | Reached skill level 27 in Axes
    21 | D        | Reached XP level 19. HP: 174/174 MP: 0/0
    21 | D        | Learned a level 7 spell: Enfeeble
    21 | D        | Noticed a meat berserker
    21 | D        | Killed a meat berserker
    22 | D        | Reached skill level 27 in Spellcasting
    23 | D        | Reached ****** piety under Makhleb
    23 | D        | Noticed a meat berserker
    24 | D        | Noticed a destroyer
    24 | D        | Noticed a meat berserker
    25 | D        | Noticed a meat berserker
    27 | D        | Reached XP level 20. HP: 179/181 MP: 0/0
    27 | D        | Killed a large bag of meat
    27 | D        | Killed a destroyer
    27 | D        | Noticed a large bag of meat
    28 | D        | Reached skill level 27 in Armour
    28 | D        | Killed a meat berserker
    28 | D        | Killed a destroyer
    28 | D        | Noticed a destroyer
    29 | D        | Reached XP level 21. HP: 181/187 MP: 0/0
    29 | D        | Learned a level 8 spell: Infestation
    30 | D        | Killed a meat berserker
    30 | D        | Killed a meat berserker
    31 | D        | Reached skill level 27 in Maces & Flails
    31 | D        | Reached XP level 22. HP: 193/194 MP: 0/0
    31 | D        | Noticed a meat berserker
    32 | D        | Killed a meat berserker
    33 | D        | Reached skill level 27 in Invocations
    33 | D        | Killed a destroyer
    35 | D        | Reached XP level 23. HP: 201/201 MP: 0/0
    35 | D        | Learned a level 8 spell: Borgnjor's Revivification
    35 | D        | Killed a large bag of meat
    36 | D        | Reached skill level 27 in Stealth
    36 | D        | Reached skill level 10 in Unarmed Combat
    37 | D        | Reached skill level 10 in Staves
    37 | D        | Killed a large bag of meat
    37 | D        | Noticed a destroyer
    39 | D        | Killed a destroyer
    40 | D        | Reached XP level 24. HP: 208/208 MP: 0/0
    40 | D        | Noticed a destroyer
    41 | D        | Noticed a destroyer
    42 | D        | Noticed a large bag of meat
    45 | D        | Killed a destroyer
    46 | D        | Reached XP level 25. HP: 214/214 MP: 0/0
    46 | D        | Learned a level 8 spell: Disjunction
    46 | D        | Noticed a destroyer
    46 | D        | Noticed an accursed
    46 | D        | Noticed a tyrant
    47 | D        | Noticed a tyrant
    48 | D        | Reached skill level 27 in Unarmed Combat
    48 | D        | Noticed a tyrant
    50 | D        | Reached skill level 27 in Staves
    51 | D        | Noticed an accursed
    53 | D        | Reached skill level 27 in Polearms
    56 | D        | Killed a destroyer
    56 | D        | Killed a tyrant
    57 | D        | Reached skill level 10 in Shields
    57 | D        | Reached skill level 10 in Evocations
    57 | D        | Reached XP level 26. HP: 165/221 MP: 0/0
    57 | D        | Killed a tyrant
    59 | D        | Reached skill level 15 in Slings
    59 | D        | Reached skill level 15 in Bows
    59 | D        | Reached skill level 15 in Crossbows
    59 | D        | Reached skill level 15 in Throwing
    59 | D        | Reached XP level 27. HP: 228/228 MP: 0/0
    59 | D        | Learned a level 9 spell: Chain Lightning
    59 | D        | Killed an accursed
    59 | D        | Killed a large bag of meat
    60 | D        | Killed a destroyer
    60 | D        | Noticed a meat beast
    61 | D        | Noticed a dread
    61 | D        | Noticed an accursed
    62 | D        | Noticed a dread
    64 | D        | Killed a meat beast
    65 | D        | Killed an accursed
    65 | D        | Killed a tyrant
    65 | D        | Noticed an accursed
    66 | D        | Noticed a dread
    66 | D        | HP: 9/228 [accursed/divine providence (15)]
    66 | D        | Noticed a destroyer
    68 | D        | Killed a dread
    68 | D        | Noticed a meat beast
    69 | D        | Reached skill level 27 in Shields
    69 | D        | Reached skill level 27 in Evocations
    69 | D        | Noticed a meat beast
    69 | D        | Noticed a dread
    69 | D        | Noticed a destroyer
    69 | D        | Noticed a destroyer
    70 | D        | Noticed a destroyer
    71 | D        | Noticed a large bag of meat
    73 | D        | Killed a meat beast
    73 | D        | Killed a dread
    73 | D        | Killed a meat beast
    74 | D        | Reached skill level 27 in Short Blades
    74 | D        | Reached skill level 27 in Long Blades
    74 | D        | Reached skill level 27 in Slings
    74 | D        | Reached skill level 27 in Bows
    74 | D        | Reached skill level 27 in Crossbows
    74 | D        | Reached skill level 27 in Throwing
    74 | D        | Noticed an accursed
    76 | D        | Noticed a meat beast
    76 | D        | Killed a destroyer
    76 | D        | Killed a destroyer
    77 | D        | Killed a dread
    78 | D        | Killed a meat beast
    79 | D        | Killed a destroyer
    79 | D        | Killed a dread
    81 | D        | Killed a large bag of meat
    82 | D        | Killed an accursed
    82 | D        | Noticed a dread
    83 | D        | Killed a destroyer
    84 | D        | Killed an accursed
    85 | D        | Noticed a destroyer
    88 | D        | Killed from afar by a wretched soul

Illustrated notes

Levels and vault maps discovered:
D:        meatsprint

Skill      XL: |  1  2  3  4  5  6  7  8  9 10 11 12 13 14 15 16 17 18 19 20 21 22 23 24 25 26 27 |
---------------+----------------------------------------------------------------------------------+-----
Fighting       | 15 16 18 24 27 | 27.0
Axes           | 12 14 15 21 26 27 | 27.0
Dodging        | 16 18 20 26 27 | 27.0
Spellcasting   | 12 13 14 19 24 26 27 | 27.0
Armour         | 24 27 | 27.0
Maces & Flails | 21 27 | 27.0
Invocations    | 18 26 27 | 27.0
Stealth        | 26 27 | 27.0
Polearms       | 17 22 27 | 27.0
Staves         | 18 24 27 | 27.0
Unarmed Combat | 20 26 27 | 27.0
Short Blades   | 9 16 27 | 27.0
Long Blades    | 9 16 27 | 27.0
Slings         | 8 15 27 | 27.0
Bows           | 8 15 27 | 27.0
Crossbows      | 8 15 27 | 27.0
Throwing       | 8 15 27 | 27.0
Shields        | 10 17 27 | 27.0
Evocations     | 10 17 27 | 27.0

Action                   |  1- 3 |  4- 6 |  7- 9 | 10-12 | 13-15 | 16-18 | 19-21 | 22-24 | 25-27 || total
-------------------------+-------+-------+-------+-------+-------+-------+-------+-------+-------++-------
Melee: Executioner's axe |     1 |       |       |     1 |     4 |     4 |     9 |    10 |    33 ||    62
 Cast: Eringya's Noxious |       |       |       |       |       |     1 |       |       |       ||     1
       Ignite Poison     |       |       |       |       |       |       |     1 |       |       ||     1
       Disjunction       |       |       |       |       |       |       |       |       |     1 ||     1
       Chain Lightning   |       |       |       |       |       |       |       |       |     2 ||     2
Dodge: Dodged            |       |       |       |       |     1 |       |       |     1 |     2 ||     4

Table legend: (Time is in decaauts)
 A = Elapsed time spent in this place.
 B = Non-inter-level travel time spent in this place.
 C = Inter-level travel time spent in this place.
 D = Time resting spent in this place.
 E = Time spent auto-exploring this place.
 F = Levels seen in this place.
 G = Mean time per level.
                   A        B        C        D        E       F      G
               +--------+--------+--------+--------+--------+-----+--------+
         Total |     74 |     74 |      0 |      0 |      0 |   1 |   74.0 |
       Dungeon |     74 |     74 |      0 |      0 |      0 |   1 |   74.0 |
               +--------+--------+--------+--------+--------+-----+--------+

Top non-repeatable levels by time:
       D: 74 daAuts
